 Dungeon Crawl Stone Soup version 0.28.0-49-g6dfe1f597d (webtiles) character file.

Game seed: 8485507330004835218

30 nickcage the Stinger (level 3, -2/24 HPs)
             Began as a Demonspawn Venom Mage on May 13, 2022.
             Slain by a goblin
             ... wielding a +0 dagger
             ... led by Robin
              (4 damage)
             ... on level 2 of the Dungeon.
             The game lasted 00:04:56 (1625 turns).

nickcage the Stinger (Demonspawn Venom Mage)        Turns: 1625, Time: 00:04:57

Health: -2/24      AC:  4    Str:  8    XL:     3   Next: 5%
Magic:  2/6        EV: 12    Int: 18    God:
Gold:   43         SH:  0    Dex: 13    Spells: 3/6 levels left

rFire   . . .      SeeInvis .   b - +0 hand axe
rCold   . . .      Faith    .   (no shield)
rNeg    . . .      Spirit   .   a - +0 robe
rPois   .          Reflect  .   (no helmet)
rElec   .          Harm     .   (no cloak)
rCorr   .          Rampage  .   (no gloves)
Will    .....                   (no boots)
Stlth   ++........              (no amulet)
HPRegen 0.08/turn               (no ring)
MPRegen 0.10/turn               (no ring)

@: no status effects
A: slimy green scales 1, demonic touch 1
a: no special abilities


You were on level 2 of the Dungeon.
You visited 1 branch of the dungeon, and saw 2 of its levels.

You collected 43 gold pieces.

Inventory:

Hand Weapons
 b - a +0 hand axe (weapon)
Armour
 a - a +0 robe (worn)
Jewellery
 d - an amulet of magic regeneration
Scrolls
 c - 4 scrolls of vulnerability {unknown}
 e - a scroll of blinking {unknown}


   Skills:
 - Level 1.7 Dodging
 - Level 1.7 Stealth
 - Level 2.0 Spellcasting
 - Level 1.0 Transmutations
 + Level 4.2 Poison Magic


You had 3 spell levels left.
You knew the following spells:

 Your Spells              Type           Power      Damage    Failure   Level
a - Sting                 Tmut/Pois      44%        1d5       6%          1
b - Poisonous Vapours     Pois/Air       18%        N/A       12%         2

Your spell library contained the following spells:

 Spells                   Type           Power      Damage    Failure   Level
 Mephitic Cloud           Conj/Pois/Air  6%         N/A       30%         3
 Olgreb's Toxic Radiance  Pois           17%        N/A       32%         4


Dungeon Overview and Level Annotations

Branches:
Dungeon (2/15)

Altars:

Annotations:
D:2 Robin


Innate Abilities, Weirdness & Mutations

You are partially covered in slimy green scales. (AC +2)
Your touch may inflict minor irresistible damage on your foes.


Message History

You feel clever. x2; Your demonic ancestry asserts itself...
Slimy green scales grow over part of your body.
The sting hits the goblin.
The goblin is poisoned.
The goblin is moderately wounded.
An adder comes into view.
You hit the goblin.
You kill the goblin!
Robin throws the goblin at you! The goblin hits you but does no damage.
Aiming: Sting (safe; 6% risk of failure)
Press: ? - help, Q - select action, (/) - cycle Shift-Dir - straight line, f - Robin
Aim: Robin, wielding a +0 whip, wearing a +0 animal skin and wearing a +0 helmet (79% to hit)
The sting hits Robin.
Robin is poisoned.
Robin is moderately wounded.
The goblin misses you.
Aiming: Sting (safe; 6% risk of failure)
Press: ? - help, Q - select action, (/) - cycle Shift-Dir - straight line, f/p - Robin
Aim: Robin, wielding a +0 whip, wearing a +0 animal skin and wearing a +0 helmet (moderately wounded, poisoned, 79% to hit)
The sting hits Robin.
Robin looks even sicker.
Robin is heavily wounded.
Robin barely misses you. The goblin hits you but does no damage.
You hit Robin but do no damage.
Robin is heavily wounded.
You completely miss the goblin. Robin hits you with a +0 whip.
The goblin hits you with a +0 dagger. Robin hits you but does no damage.
You closely miss Robin.
Robin is heavily wounded.
You closely miss the goblin. The goblin hits you but does no damage.
Robin misses you.
You barely miss Robin.
Robin is almost dead.
You barely miss the goblin. The goblin barely misses you.
Robin hits you with a +0 whip.
* * * LOW HITPOINT WARNING * * *
The goblin hits you with a +0 dagger.
* * * LOW HITPOINT WARNING * * *
You closely miss Robin.
Robin is almost dead.
You barely miss the goblin. Robin misses you.
The goblin hits you with a +0 dagger.
You die...

#................
.........<.......
.........#......
.........†......
.).......##.####
#.....##....#
#########?#.#
##.g.# # #.@###
#g## #S# .g# ...#
....# #.....
#....# #.#..#


You could see Robin (poisoned), an adder and 2 goblins.

Vanquished Creatures
  A dart slug (D:1)
  3 ball pythons (D:1)
  7 goblins
  4 hobgoblins
  3 jackals (D:1)
  A kobold (D:1)
  A quokka (D:2)
  3 rats (D:1)
23 creatures vanquished.

Notes
Turn   | Place    | Note
-------+----------+-------------------------------------------
     0 | D:1      | nickcage the Demonspawn Venom Mage began the quest for the
                  | Orb.
     0 | D:1      | Reached XP level 1. HP: 13/13 MP: 3/3
   489 | D:1      | Reached skill level 1 in Transmutations
   652 | D:1      | Gained mutation: Your touch may inflict minor irresistible
                  | damage on your foes. [demonic ancestry]
   652 | D:1      | Reached XP level 2. HP: 11/19 MP: 1/5
   916 | D:1      | Found a faded altar of an unknown god.
  1430 | D:1      | Learned a level 2 spell: Poisonous Vapours
  1460 | D:2      | Reached skill level 4 in Poison Magic
  1611 | D:2      | Noticed Robin
  1618 | D:2      | Gained mutation: You are partially covered in slimy green
                  | scales. (AC +2) [demonic ancestry]
  1618 | D:2      | Reached XP level 3. HP: 14/24 MP: 4/6
  1625 | D:2      | Slain by a goblin

Illustrated notes

Levels and vault maps discovered:
D:1:      psy_arrival_statuary, layout_rooms,
          shapermc_ecumenical_altar_mp_urbaneastern, kennysheep_doodads,
          kennysheep_minor_cross, roderic_serpentine_path
D:2:      layout_rooms, minmay_puff, uniq_jessica, uniq_sigmund, uniq_robin

Skill      XL: |  1  2 |
---------------+-------+-----
Transmutations | 1 |  1.0
Poison Magic   | 4 |  4.2
Dodging        | |  1.7
Stealth        | |  1.7
Spellcasting   | |  2.0

Action                   || total
-------------------------++-------
Melee: Hand axe          ||    32
       Touch             ||     3
 Cast: Sting             ||    30
Armor: Robe              ||    10
Dodge: Dodged            ||    38
